 Dungeon Crawl Stone Soup version 0.28.0-43-g3370ac3207 (webtiles) character file.

Game seed: 1332301726950763150

3944 pkoi the Martial Artist (level 9, 0/71 HPs)
             Began as a Demigod Warper on Mar 31, 2022.
             Slain by a vampire (3 damage)
             ... on level 8 of the Dungeon.
             The game lasted 00:20:17 (14600 turns).

pkoi the Martial Artist (Demigod Warper)           Turns: 14600, Time: 00:20:17

Health: 0/71       AC: 15    Str: 16    XL:     9   Next: 71%
Magic:  16/16      EV: 14    Int: 19    God:
Gold:   440        SH:  0    Dex: 17    Spells: 5/14 levels left

rFire   . . .      SeeInvis +     - Unarmed
rCold   . . .      Faith    .   (no shield)
rNeg    . . .      Spirit   .   a - +1 leather armour
rPois   .          Reflect  .   (no helmet)
rElec   +          Harm     .   v - +0 cloak
rCorr   .          Rampage  .   H - +0 pair of gloves
Will    .....                   x - +2 pair of boots
Stlth   +.........              p - amulet of magic regeneration
HPRegen 0.21/turn               E - ring of Alool {rElec SInv}
MPRegen 0.55/turn               G - +4 ring of protection

@: no status effects
A: high MP 1, forlorn, divine attributes, iridescent scales 1
a: no special abilities


You were on level 8 of the Dungeon.
You visited 1 branch of the dungeon, and saw 9 of its levels.

You collected 440 gold pieces.

Inventory:

Hand Weapons
 e - a +0 dagger of flaming
 h - a +2 dagger of venom
 z - a +0 short sword of speed
 D - a +4 whip of draining
Missiles
 c - 6 boomerangs of dispersal
 d - 8 boomerangs (quivered)
 m - 11 poisoned darts
Armour
 a - a +1 leather armour (worn)
 v - a +0 cloak (worn)
 x - a +2 pair of boots (worn)
 H - a +0 pair of gloves (worn)
Jewellery
 p - an amulet of magic regeneration (around neck)
 s - a ring of ice
 y - a ring of protection from cold
 E - the ring of Alool (left hand) {rElec SInv}
   (You took it off an orc on level 8 of the Dungeon)

   [ring of see invisible]

   rElec:     It insulates you from electricity.
   SInv:      It lets you see invisible.
 G - a +4 ring of protection (right hand)
Wands
 k - a wand of iceblast (2)
 u - a wand of flame (13)
Scrolls
 b - 2 scrolls of blinking
 n - 2 scrolls of torment
 r - 2 scrolls of fog
 A - 2 scrolls of enchant armour
 B - 2 scrolls of teleportation
 F - a scroll of fear
 I - a scroll of immolation
Potions
 f - a potion of heal wounds
 g - a potion of invisibility
 i - a potion of lignification
 j - 4 potions of curing
 l - a potion of flight
 o - 2 potions of attraction
 q - a potion of brilliance
 C - a potion of might


   Skills:
 + Level 4.0 Fighting
 - Level 0.8 Throwing
 - Level 0.8 Armour
 + Level 4.7 Dodging
 * Level 8.7 Unarmed Combat
 - Level 3.0 Spellcasting
 + Level 2.8 Conjurations
 + Level 5.6 Translocations
 - Level 5.0 Evocations


You had 5 spell levels left.
You knew the following spells:

 Your Spells              Type           Power      Damage    Failure   Level
a - Blink                 Tloc           48%        N/A       2%          2
b - Gell's Gravitas       Tloc           24%        N/A       5%          3
c - Iskenderun's Mystic   Conj/Tloc      19%        2d6       32%         4

Your spell library contained the following spells:

 Spells                   Type           Power      Damage    Failure   Level
 Lesser Beckoning         Tloc           24%        N/A       5%          3
 Teleport Other           Tloc           24%        N/A       5%          3
 Animate Skeleton         Necr           4%         N/A       19%         1
 Pain                     Necr           8%         1d4       19%         1
 Summon Small Mammal      Summ           8%         N/A       19%         1
 Manifold Assault         Tloc           24%        N/A       45%         5
 Call Canine Familiar     Summ           2%         N/A       50%         3
 Summon Guardian Golem    Hex/Summ       2%         N/A       50%         3
 Vampiric Draining        Necr           2%         2d6       50%         3
 Fulminant Prism          Conj/Hex       4%         3d6       71%         4
 Cause Fear               Hex            1%         N/A       88%         4
 Lee's Rapid Deconstruct  Erth           1%         3d5*      99%         5
 Dragon Form              Tmut           1%         N/A       100%        7
 Dragon's Call            Summ           1%         N/A       100%        9


Dungeon Overview and Level Annotations

Branches:
Dungeon (9/15)             Temple (0/1) D:6
   Lair: D:8-11         Orc: D:9-12

Annotations:
D:9 1 runed translucent door


Innate Abilities, Weirdness & Mutations

You have an increased reservoir of magic. (+10% MP)
You shall have no god before yourself.
Your divine heritage dramatically boosts your attributes as you level up.
You are partially covered in iridescent scales. (AC +2)


Message History

Aiming: Throw Flame
Press: ? - help, Shift-Dir - straight line, f/p - vampire
Aim: a vampire (heavily damaged, slightly transparent, 74% to hit)
The puff of flame hits the vampire!
The vampire is severely damaged.
The vampire draws life force from you!
* * * LOW HITPOINT WARNING * * *
The vampire is healed by the life force!
Aiming: Throw Flame
Press: ? - help, Shift-Dir - straight line, f/p - vampire
Aim: a vampire (heavily damaged, slightly transparent, 74% to hit)
The puff of flame hits the vampire.
The vampire is severely damaged.
The vampire draws life force from you!
* * * LOW HITPOINT WARNING * * *
The vampire is healed by the life force!
Aiming: Throw Flame
Press: ? - help, Shift-Dir - straight line, f/p - vampire
Aim: a vampire (heavily damaged, slightly transparent, 74% to hit)
The puff of flame hits the vampire.
The vampire is severely damaged.
The vampire barely misses you. The vampire misses you.
Unknown command.
Aiming: Throw Flame
Press: ? - help, Shift-Dir - straight line, f/p - vampire
Aim: a vampire (severely damaged, slightly transparent, 74% to hit)
The puff of flame hits the vampire but does no damage.
The vampire is severely damaged.
The vampire hits you.
* * * LOW HITPOINT WARNING * * *
The vampire bites you.
* * * LOW HITPOINT WARNING * * *
The vampire draws strength from your injuries!
Aiming: Throw Flame
Press: ? - help, Shift-Dir - straight line, f/p - vampire
Aim: a vampire (severely damaged, slightly transparent, 74% to hit)
The puff of flame misses the vampire.
The puff of flame misses the yak.
The vampire hits you but does no damage.
The vampire bites you.
You die...

######### #####
##....)..# #YV@#
#........# #.###
#........# #.#
#.......V###h#
###.......Yh...#
...........#####
...........#
....>......#
#'#........#


You could see a yak and a vampire (invisible).

Vanquished Creatures
  A hornet (D:7)
  A wyvern (D:7)
  A wraith (D:7)
  2 yaks (D:8)
  2 steam dragons (D:6)
  2 water moccasins
  Duvessa (D:6)
  2 black bears
  2 ogres
  2 necrophages
  A centaur (D:6)
  2 phantoms
  3 bullfrogs
  A scorpion (D:4)
  A wyvern skeleton (D:7)
  Dowan (D:6)
  4 killer bees
  7 wights (D:6)
  A lava snake (D:8)
  3 centaur zombies
  A bullfrog zombie (D:5)
  A hound (D:6)
  2 jellies
  A centaur skeleton (D:5)
  5 orc priests
  5 iguanas
  7 orc wizards
  A killer bee zombie (D:6)
  A howler monkey zombie (D:7)
  2 howler monkey skeletons
  11 adders
  A shadow imp (D:5)
  2 ufetubi
  3 worms
  A dart slug (D:1)
  30 orcs
  4 bats
  6 endoplasms
  3 giant cockroaches
  5 goblins
  10 hobgoblins
  4 jackals
  8 kobolds
  2 quokkas
  13 ball pythons
  5 frilled lizards
  A rat (D:1)
  A spectral orc (D:5)
176 creatures vanquished.

Vanquished Creatures (others)
  17 fungi (D:9)
  29 plants
46 creatures vanquished.

Grand Total: 222 creatures vanquished

Notes
Turn   | Place    | Note
-------+----------+-------------------------------------------
     0 | D:1      | pkoi the Demigod Warper began the quest for the Orb.
     0 | D:1      | Reached XP level 1. HP: 17/17 MP: 5/5
   226 | D:1      | Reached skill level 2 in Unarmed Combat
   415 | D:1      | Reached XP level 2. HP: 24/24 MP: 7/7
  1378 | D:2      | Learned a level 2 spell: Blink
  1927 | D:2      | Reached XP level 3. HP: 24/29 MP: 8/8
  2023 | D:2      | Reached skill level 3 in Unarmed Combat
  3439 | D:3      | Reached XP level 4. HP: 24/36 MP: 9/9
  3978 | D:3      | Gained mutation: You are partially covered in iridescent
                  | scales. (AC +2) [potion of mutation]
  4151 | D:4      | Reached skill level 1 in Evocations
  5034 | D:4      | Reached XP level 5. HP: 41/41 MP: 10/10
  5156 | D:4      | Reached skill level 4 in Unarmed Combat
  5184 | D:4      | Noticed an ogre
  5224 | D:4      | Killed an ogre
  5244 | D:4      | Noticed a necrophage
  5305 | D:3      | Reached XP level 6. HP: 25/47 MP: 11/11
  5561 | D:4      | Reached skill level 5 in Unarmed Combat
  5991 | D:4      | Learned a level 3 spell: Gell's Gravitas
  6018 | D:5      | Entered Level 5 of the Dungeon
  6636 | D:5      | Reached XP level 7. HP: 53/53 MP: 13/13
  7716 | D:6      | Reached skill level 6 in Unarmed Combat
  8237 | D:6      | Found a staircase to the Ecumenical Temple.
  8250 | D:6      | Reached XP level 8. HP: 19/62 MP: 15/15
  8497 | D:6      | Noticed Dowan
  8527 | D:6      | Noticed Duvessa
  9332 | D:6      | Killed Duvessa
  9336 | D:6      | Killed Dowan
  9337 | D:6      | Reached skill level 7 in Unarmed Combat
 10030 | D:7      | Learned a level 4 spell: Iskenderun's Mystic Blast
 10394 | D:7      | Noticed a hornet
 10398 | D:7      | Killed a hornet
 10399 | D:7      | Reached skill level 1 in Conjurations
 10399 | D:7      | Reached skill level 5 in Translocations
 10399 | D:7      | Reached XP level 9. HP: 69/69 MP: 16/16
 12076 | D:7      | Reached skill level 8 in Unarmed Combat
 12282 | D:7      | Reached skill level 5 in Evocations
 12475 | D:8      | Identified the ring of Alool {rElec SInv}
 13695 | D:9      | Found a runed translucent door.
 14599 | D:8      | HP: 3/71 [vampire (2)]
 14600 | D:8      | Slain by a vampire

Illustrated notes

Levels and vault maps discovered:
D:1:      dpeg_arrival_short_road, layout_loops_ring,
          shapermc_ecumenical_altar_hornbeckon, minmay_pentomino_q2
D:2:      layout_loops_corners, nrook_mini_backslash
D:3:      layout_basic, general_overflow_altar, minmay_pentangle
D:4:      minmay_opposing_rooms, layout_basic,
          mainiacjoe_overflow_cross_hatched, serial_bayou_lagoon_a
D:5:      layout_basic, nicolae_hepliaklqana_monster_ancestors
D:6:      cheibrodos_steamvent, layout_loops_ring, minmay_temple_entry_grid,
          grunt_decor_resistance, uniq_duvessa
D:7:      layout_layer_cave, nicolae_overflow_hidden_temple
D:8:      cheibrodos_quashed, layout_basic, nicolae_uskayaw_suspiria,
          serial_bayou_pond_c
D:9:      layout_rooms, due_lair_maze_entry_diamond, special_room
          [special_room_orc], serial_glass, glass_columns_a, glass_columns_b,
          hangedman_weighted_door, minmay_statue_crystal_thing

Skill      XL: |  1  2  3  4  5  6  7  8  9 |
---------------+----------------------------+-----
Unarmed Combat | 2 3 4 5 6 7 8 |  8.7
Dodging        | 2 3 4 |  4.7
Spellcasting   | 2 3 |  3.0
Translocations | 3 4 5 |  5.6
Evocations     | 1 2 3 4 5 |  5.0
Fighting       | 2 3 4 |  4.0
Conjurations   | 1 2 |  2.8
Throwing       | |  0.8
Armour         | |  0.8

Action                   |  1- 3 |  4- 6 |  7- 9 || total
-------------------------+-------+-------+-------++-------
Melee: Unarmed           |    64 |   127 |   464 ||   655
       Punch             |    11 |     8 |    26 ||    45
       Dagger            |   101 |    78 |     7 ||   186
Throw: Boomerang         |       |       |    22 ||    22
 Cast: Blink             |       |     1 |     1 ||     2
Evoke: Wand              |       |     3 |    56 ||    59
  Use: Scroll            |     9 |     6 |     3 ||    18
       Potion            |     2 |     3 |     1 ||     6
 Stab: Sleeping          |     1 |     1 |       ||     2
Armor: Leather armour    |    33 |    67 |   203 ||   303
Dodge: Dodged            |   101 |   116 |   368 ||   585
